Map: Eternal Empire LE

Players

TSGSolar (Solar) - Winner!

  • Race: Zerg Zerg
  • Spawn Location: 1:00

Reynor

  • Race: Zerg Zerg
  • Spawn Location: 7:00

Event: StayAtHomestory Cup #1

VOD

Have the link to the VOD?

Description

Time

  • Played on: April 11, 2020, 12:50 p.m.
  • Length: 14:29

All games in this series

Show
View Real Time Build Order
Export as new Build Order

TSGSolar Zerg - Winner!

Build Orders: Hatch First, Muta Ling Bane 

Get SALT Encoding   

  12  0:01  Drone  
  13  0:12  Overlord  
  13  0:17  Drone  
  14  0:31  Drone x2  
  16  0:48  Hatchery  
  15  0:51  Drone  
  15  0:55  Drone  
  17  0:58  Drone  
  18  1:09  Extractor  
  17  1:14  Spawning Pool  
  17  1:17  Drone  
  17  1:20  Drone  
  18  1:28  Drone  
  19  1:39  Drone  
  20  1:49  Overlord  
  20  2:00  Queen  
  22  2:01  Queen  
  22  2:02  Drone x2  
  26  2:09  Metabolic Boost  
  26  2:11  Drone  
  26  2:12  Drone  
  29  2:22  Zergling x2  
  29  2:29  Zergling x2  
  30  2:35  Hatchery  
  30  2:37  Drone  
  30  2:41  Drone  
  31  2:44  Drone x2  
  31  2:49  Baneling Nest  
  32  2:55  Overlord  
  32  2:57  Drone  
  33  3:05  Drone  
  34  3:06  Zergling x2  
  34  3:08  Zergling x2  
  36  3:14  Drone x4  
  36  3:15  Zergling x2  
  41  3:20  Zergling x2  
  41  3:21  Overlord  
  42  3:27  Drone  
  42  3:30  Drone  
  44  3:34  Baneling  
  44  3:39  Queen, Overlord  
  46  3:42  Drone x3  
  46  3:47  Drone  
  50  3:50  Drone  
  50  3:54  Lair  
  50  3:55  Evolution Chamber  
  50  3:56  Extractor, Drone  
  50  4:00  Drone  
  50  4:01  Drone  
  52  4:08  Drone x2, Roach Warren  
  53  4:13  Drone  
  53  4:15  Drone x3  
  57  4:19  Overlord  
  57  4:20  Extractor  
  57  4:21  Zerg Melee Weapons Level 1  
  57  4:23  Drone  
  56  4:24  Drone  
  56  4:26  Drone  
  56  4:27  Drone  
  56  4:29  Drone  
  56  4:31  Drone  
  61  4:33  Overlord  
  61  4:36  Drone  
  62  4:39  Drone  
  62  4:41  Baneling  
  62  4:43  Zergling x2  
  62  4:44  Zergling x6, Extractor  
  66  4:48  Drone x3  
  66  4:50  Drone x2  
  71  4:55  Drone x3  
  74  5:00  Spire  
  74  5:02  Extractor  
  74  5:03  Drone x2  
  74  5:04  Extractor  
  74  5:06  Overlord  
  73  5:12  Zergling x2  
  74  5:14  Drone  
  74  5:17  Overseer, Drone x4  
  74  5:20  Drone x2  
  74  5:21  Drone  
  81  5:23  Overlord  
  81  5:29  Zergling x8  
  81  5:32  Overlord  
  85  5:39  Zergling x2  
  85  5:40  Zergling x2, Spine Crawler  
  86  5:43  Spine Crawler  
  86  5:45  Overlord  
  84  5:56  Zergling x6  
  87  5:57  Spine Crawler x2  
  87  5:58  Spine Crawler, Overlord  
  72  6:11  Mutalisk x6  
  72  6:13  Mutalisk  
  72  6:15  Mutalisk  
  86  6:19  Mutalisk  
  86  6:24  Mutalisk  
  80  6:26  Mutalisk  
  80  6:28  Zergling x2  
  83  6:35  Mutalisk x2  
  86  6:42  Zergling x6  
  86  6:43  Zergling x2  
  86  6:46  Zergling x4  
  92  6:47  Zergling x2  
  92  6:49  Zergling x2  
  93  6:54  Zergling x4  
  93  7:01  Mutalisk  
  95  7:04  Zergling x2  
  98  7:15  Mutalisk x2  
  98  7:21  Hatchery  
  101  7:24  Overlord  
  101  7:25  Zerg Flyer Weapons Level 1  
  101  7:28  Zergling x2  
  102  7:30  Overlord  
  102  7:34  Overlord  
  102  7:35  Mutalisk x2  
  103  7:40  Zergling x8  
  107  7:46  Drone  
  108  7:52  Mutalisk  
  110  8:00  Drone  
  110  8:01  Drone  
  112  8:08  Overlord  
  112  8:09  Overlord x2  
  112  8:15  Hatchery, Mutalisk x3  
  112  8:17  Drone  
  112  8:18  Drone  
  119  8:21  Drone x2  
  121  8:27  Zerg Melee Weapons Level 2  
  121  8:29  Drone  
  121  8:32  Drone  
  123  8:34  Drone  
  123  8:37  Centrifical Hooks  
  123  8:38  Drone  
  125  8:43  Drone  
  125  8:44  Drone x4  
  130  8:49  Mutalisk  
  130  8:53  Overlord  
  130  8:55  Mutalisk  
  132  8:57  Overlord  
  132  9:00  Zergling x4  
  136  9:07  Zergling x10  
  141  9:11  Mutalisk  
  141  9:14  Overseer  
  141  9:17  Overseer  
  141  9:18  Pneumatized Carapace  
  141  9:19  Drone  
  141  9:22  Overseer, Zerg Flyer Weapons Level 2  
  141  9:23  Drone x3  
  145  9:24  Zergling x2  
  145  9:30  Zergling x6  
  141  9:37  Zergling x6  
  141  9:43  Drone x3  
  141  9:44  Drone  
  142  9:51  Drone  
  142  9:52  Hatchery  
  142  9:54  Drone x2  
  142  9:55  Drone  
  142  9:59  Overlord  
  145  10:07  Overseer  
  145  10:14  Mutalisk x6  
  145  10:17  Drone  
  145  10:18  Drone  
  145  10:19  Drone  
  145  10:20  Drone  
  161  10:27  Baneling x8  
  162  10:28  Zergling x4  
  162  10:31  Zergling x2  
  162  10:32  Drone  
  162  10:33  Zergling x2  
  162  10:34  Zergling x2  
  167  10:36  Zergling x2, Unknown  
  167  10:37  Zergling x2  
  167  10:40  Overlord  
  167  10:43  Zergling x2  
  167  10:45  Zergling x2  
  167  10:46  Zergling x2  
  167  10:48  Zergling x2  
  167  10:49  Zergling x2  
  168  10:50  Zergling x2  
  168  10:51  Zergling x2  
  168  10:52  Zergling x2  
  168  10:53  Zergling x2  
  168  10:54  Zergling x2  
  168  10:55  Zergling x2  
  171  10:58  Zergling x2  
  171  10:59  Zergling x2  
  171  11:01  Zergling x2  
  171  11:02  Zergling x4  
  173  11:05  Queen  
  173  11:09  Drone x4  
  179  11:24  Overseer  
  179  11:29  Baneling x12  
  179  11:30  Hatchery, Baneling x6  
  178  11:35  Zergling x2  
  178  11:36  Zergling x10  
  184  11:40  Overlord  
  184  11:44  Infestation Pit  
  184  11:45  Baneling x11  
  184  11:46  Baneling  
  183  11:53  Baneling x12  
  182  11:58  Zergling x10  
  182  12:01  Baneling x5  
  187  12:03  Zergling x2  
  187  12:05  Zergling x2  
  187  12:06  Zergling x6  
  190  12:12  Zergling x6  
  190  12:13  Zergling x2  
  190  12:15  Zergling x8  
  165  12:16  Zergling x2  
  165  12:19  Zergling x8  
  165  12:22  Zergling x2  
  165  12:24  Zergling x6  
  167  12:31  Mutalisk x3  
  167  12:33  Zergling x4  
  172  12:43  Overlord  
  172  12:44  Baneling  
  172  12:45  Baneling x20  
  172  12:46  Baneling x2  
  172  12:47  Baneling  
  172  12:50  Overseer  
  172  12:52  Baneling x4  
  172  12:53  Baneling x4  
  172  12:55  Mutalisk  
  172  12:57  Mutalisk  
  176  13:00  Mutalisk  
  176  13:02  Zergling x2  
  176  13:03  Zergling x6  
  182  13:07  Zergling x6  
  182  13:12  Zergling x2  
  180  13:13  Zergling x2  
  180  13:17  Zergling x2  
  180  13:19  Mutalisk x3  
  170  13:24  Zergling x2  
  170  13:26  Mutalisk x2  
  164  13:28  Drone x2  
  164  13:29  Zergling x8  
  164  13:30  Zergling x4  
  172  13:35  Overseer  
  172  13:36  Baneling x10  
  172  13:37  Baneling  
  172  13:39  Baneling x4  
  172  13:40  Baneling x2  
  172  13:41  Baneling x2  
  172  13:42  Baneling  
  172  13:46  Zergling x8, Baneling  
  174  13:51  Zergling x2  
  174  13:52  Zergling x4  
  174  13:53  Zergling x6  
  180  13:56  Zergling x2  
  180  13:57  Zergling x2  
  180  14:01  Zergling x10  
  184  14:03  Zergling x2  
  184  14:04  Zergling x2  
  184  14:05  Zergling x2  
  184  14:06  Zergling x2  
  184  14:07  Zergling x2  
  184  14:09  Zergling x2  
  188  14:10  Zergling x2  
Show
View Real Time Build Order
Export as new Build Order

Reynor Zerg 

Build Orders: Hatch First, Lurkers 

Get SALT Encoding   

  12  0:01  Drone  
  13  0:12  Overlord  
  13  0:17  Drone  
  14  0:31  Drone x2  
  16  0:48  Hatchery  
  15  0:51  Drone  
  15  0:55  Drone  
  17  0:57  Drone  
  18  1:09  Extractor  
  17  1:14  Spawning Pool  
  17  1:17  Drone  
  17  1:20  Drone  
  18  1:28  Drone  
  19  1:39  Drone  
  20  1:49  Drone  
  21  2:00  Queen x2  
  21  2:01  Overlord  
  25  2:02  Zergling x2  
  26  2:08  Metabolic Boost  
  26  2:11  Drone  
  26  2:13  Drone  
  28  2:22  Drone x2  
  30  2:35  Hatchery  
  29  2:38  Drone  
  29  2:40  Drone  
  29  2:42  Drone  
  32  2:45  Drone  
  33  2:55  Baneling Nest, Overlord  
  33  2:58  Drone  
  33  3:04  Zergling x4  
  35  3:07  Drone  
  36  3:13  Drone  
  36  3:14  Drone x2  
  36  3:15  Zergling x2  
  36  3:17  Evolution Chamber  
  39  3:20  Overlord  
  39  3:22  Drone  
  39  3:24  Drone  
  41  3:29  Zergling x2  
  42  3:35  Drone  
  42  3:38  Queen  
  42  3:39  Drone x2  
  47  3:44  Lair  
  47  3:48  Drone x3  
  50  3:52  Overlord  
  50  3:54  Drone  
  50  4:00  Roach Warren  
  50  4:02  Drone  
  50  4:03  Drone  
  50  4:04  Drone  
  50  4:06  Drone  
  50  4:09  Extractor  
  52  4:10  Extractor  
  52  4:11  Zerg Missile Weapons Level 1  
  52  4:14  Drone x2  
  53  4:17  Drone x2  
  53  4:23  Drone x3  
  58  4:25  Drone x2  
  58  4:29  Overlord  
  58  4:30  Drone  
  61  4:32  Drone  
  61  4:36  Drone  
  61  4:37  Drone  
  64  4:40  Extractor, Drone  
  64  4:41  Extractor  
  63  4:47  Drone x3  
  66  4:53  Overlord  
  66  4:54  Glial Reconstitution  
  66  4:55  Drone x2  
  66  4:59  Overlord x2  
  68  5:06  Roach x3  
  74  5:09  Overlord  
  74  5:15  Roach x4  
  74  5:20  Roach  
  84  5:25  Roach x2  
  84  5:27  Nydus Network  
  84  5:28  Roach x3  
  93  5:32  Roach x2  
  93  5:35  Queen, Baneling x2  
  96  5:40  Roach x2  
  102  5:43  Queen  
  103  5:53  Baneling x3  
  103  5:55  Roach  
  103  5:57  Overlord x3  
  105  6:06  Roach, Nydus Canal  
  105  6:09  Roach  
  105  6:10  Nydus Network  
  103  6:13  Roach  
  103  6:17  Roach  
  103  6:18  Roach x5  
  116  6:21  Roach x2  
  117  6:27  Roach x2  
  117  6:30  Queen  
  123  6:34  Roach  
  123  6:37  Queen  
  121  6:42  Overlord  
  121  6:46  Nydus Canal  
  117  6:48  Roach x2  
  117  6:49  Roach x2  
  117  6:51  Queen  
  121  6:57  Spore Crawler  
  121  6:58  Roach x2  
  118  7:06  Queen  
  118  7:08  Nydus Canal  
  118  7:10  Drone x4  
  118  7:15  Drone x4, Queen  
  126  7:17  Drone  
  126  7:22  Overseer, Drone  
  130  7:24  Drone  
  130  7:29  Drone  
  132  7:33  Drone x2  
  132  7:35  Spore Crawler  
  132  7:36  Spore Crawler, Queen  
  133  7:37  Extractor  
  133  7:42  Overlord  
  133  7:43  Spore Crawler  
  131  7:51  Spore Crawler  
  131  7:52  Spore Crawler, Burrow  
  131  7:53  Tunneling Claws  
  131  7:57  Infestation Pit  
  131  7:58  Overlord x2  
  128  8:01  Spore Crawler  
  127  8:10  Spore Crawler  
  128  8:21  Drone x5  
  128  8:22  Queen  
  128  8:23  Zerg Missile Weapons Level 2  
  128  8:25  Drone x3  
  138  8:35  Hive  
  138  8:38  Hydralisk Den  
  138  8:39  Overlord  
  135  8:44  Overlord  
  135  8:45  Drone  
  135  8:46  Drone  
  137  8:49  Spore Crawler x2  
  137  8:53  Spore Crawler  
  134  8:56  Overlord  
  134  8:59  Drone x2  
  136  9:05  Roach x6  
  136  9:06  Roach x4  
  136  9:07  Roach  
  136  9:14  Roach x5  
  136  9:15  Infestor x3  
  136  9:16  Hydralisk  
  136  9:17  Hydralisk x6  
  140  9:19  Muscular Augments  
  140  9:20  Roach x5  
  140  9:22  Overlord  
  140  9:23  Lurker Den  
  153  9:29  Hydralisk  
  153  9:32  Overlord  
  153  9:38  Hydralisk x3  
  147  9:41  Overlord  
  147  9:46  Hydralisk x5  
  147  9:49  Roach x11  
  147  9:51  Hydralisk x3  
  161  9:57  Overlord  
  161  9:59  Roach x3  
  159  10:07  Spore Crawler  
  158  10:15  Viper  
  158  10:16  Hatchery  
  158  10:18  Infestor x3  
  161  10:21  Lurker  
  161  10:22  Lurker  
  162  10:30  Lurker  
  163  10:43  Lurker, Hydralisk x3  
  163  10:46  Overlord  
  170  10:53  Drone x8  
  172  10:58  Overlord  
  168  11:04  Overlord  
  168  11:12  Overlord  
  168  11:19  Spore Crawler x2  
  168  11:20  Drone x4  
  168  11:22  Spore Crawler  
  168  11:23  Spore Crawler  
  168  11:24  Grooved Spines  
  168  11:25  Seismic Spines  
  168  11:27  Lurker  
  168  11:28  Drone x3  
  168  11:29  Lurker  
  168  11:31  Drone x6  
  179  11:40  Hydralisk x2  
  179  11:41  Hydralisk  
  179  11:43  Overlord  
  185  11:55  Viper  
  185  11:57  Drone x2  
  185  11:58  Drone  
  185  11:59  Spore Crawler  
  185  12:00  Unknown  
  189  12:03  Hydralisk x3  
  189  12:06  Queen  
  189  12:08  Spore Crawler  
  194  12:12  Drone  
  194  12:13  Drone  
  164  12:18  Drone x7  
  164  12:19  Roach  
  150  12:23  Lurker x2  
  150  12:26  Roach x3  
  151  12:35  Drone x4  
  151  12:38  Lurker  
  152  12:55  Hydralisk x4  
  152  12:56  Roach x3  
  152  12:57  Evolution Chamber  
  159  13:00  Drone x3  
  156  13:18  Roach x8  
  138  13:23  Lurker x2  
  112  13:27  Roach  
  112  13:32  Roach  
  112  13:33  Roach  
  118  13:37  Lurker  
  118  13:40  Roach  
  121  13:48  Hydralisk  
  120  13:57  Hydralisk x2  
  118  14:05  Hydralisk  
Tags
 
Add a new tag
Caveats
  • Supply blocks, unpowered buildings, or Contaminate may cause inaccurate times.
  • Supply counts are checked every 10 seconds.